 Dungeon Crawl Stone Soup version 0.30-a0-711-gf4ac18a38d (webtiles) character file.

Game seed: 18080865675098686016

165 tilp the Shield-Bearer (level 6, -1/52 HPs)
             Began as a Meteoran Fighter on Jan 22, 2023.
             Slain by a gnoll
             ... wielding a +0 flail
              (12 damage)
             ... on level 4 of the Dungeon.
             The game lasted 00:05:55 (1367 turns).

tilp the Shield-Bearer (Meteoran Fighter)           Turns: 1367, Time: 00:05:56

Health: -1/52      AC:  4    Str: 17    XL:     6   Next: 4%
Magic:  7/7        EV: 10    Int: 10    God:
Gold:   164        SH:  5    Dex: 16    Spells: 5/5 levels left

rFire   . . .      SeeInvis .    a - +0 long sword
rCold   . . .      Faith    .    c - +0 buckler
rNeg    . . .      Spirit   .    u - +0 scale mail
rPois   .          Reflect  .    (no helmet)
rElec   .          Harm     .    (no cloak)
rCorr   .          Rampage  .    s - +0 pair of gloves
Will    .....                    (no boots) Stlth
                                 t - amulet of the acrobat
HPRegen 0.28/turn                (no ring)
MPRegen 0.10/turn                (no ring)

@: corroded, glowing
A: sense surroundings 1, otherworldly, glowing, explore regen
a: no special abilities


You were on level 4 of the Dungeon.
You visited 1 branch of the dungeon, and saw 5 of its levels.

You collected 164 gold pieces.

Inventory:

Hand Weapons
 a - a +0 long sword (weapon)
 b - a +0 rapier
Missiles
 h - 5 boomerangs
 l - 6 poisoned darts (quivered)
Armour
 c - a +0 buckler (worn)
 e - an orb of light
 g - a scarf of harm
 s - a +0 pair of gloves (worn)
 u - a +0 scale mail (worn)
Jewellery
 t - an amulet of the acrobat (around neck)
Scrolls
 f - 2 scrolls of fog {unknown}
 k - a scroll of enchant weapon {unknown}
 p - a scroll of blinking {unknown}
 v - a scroll of amnesia {unknown}
Potions
 d - a potion of might
 i - a potion of attraction {unknown}
 j - a potion of lignification {unknown}
 m - a potion of degeneration {unknown}
 n - 2 potions of curing {unknown}
 o - a potion of berserk rage {unknown}
 q - 2 potions of haste {unknown}
 r - a potion of heal wounds {unknown}


   Skills:
 + Level 3.9 Fighting
 + Level 3.5 Long Blades
 - Level 4.0 Armour
 * Level 3.4 Dodging
 + Level 1.3 Stealth
 - Level 4.0 Shields


You had 5 spell levels left.
You didn't know any spells.
Your spell library was empty.

Dungeon Overview and Level Annotations

Branches:
Dungeon (5/15) Zot: 1580
 Temple: D:4-7

Altars:
Fedhas
Wu Jian


Innate Abilities, Weirdness & Mutations

You passively map a small area around you.
You are easily found by Zot.
You glow in the dark.
You regain HP and MP as you explore.


Message History

You can't go up here!
You climb downwards.
You block the jelly's attack. The gnoll hits you but does no damage.
The gnoll hits you with a +0 flail.
The iguana bites you but does no damage.
There is a stone staircase leading up here.
Unknown command.
The jelly hits you. The acid corrodes you!
You are splashed with acid!
The gnoll closely misses you. The gnoll hits you with a +0 flail!
The iguana misses you. The dart slug launches a dart at you.
The slug dart hits you but does no damage.
You climb upwards.
There is a stone staircase leading down here.
Things that are here:
a +0 club; a +0 short sword; a gnoll corpse Unknown command.
Unknown command.
You hit the gnoll.
The gnoll is lightly wounded.
The jelly hits you but does no damage. The gnoll closely misses you.
The gnoll barely misses you.
You slash the gnoll!
The gnoll is almost dead.
The jelly hits you.
You are splashed with acid!
The gnoll hits you with a +0 flail.
* * * LOW HITPOINT WARNING * * *
The gnoll barely misses you. The gnoll hits you with a +0 flail.
* * * LOW HITPOINT WARNING * * *
The gnoll hits you with a +0 flail.
* * * LOW HITPOINT WARNING * * *
You block the jelly's attack.
You hit the gnoll but do no damage.
The gnoll is almost dead.
The gnoll hits you but does no damage. You block the gnoll's attack.
The jelly completely misses you.
Unknown command.
You hit the gnoll.
You kill the gnoll!
The jelly hits you but does no damage. The gnoll hits you with a +0 flail!
You die...

#.########### ##
##...........#
....#.).########.#
#......#### #.#
#.........# #.#
#.....#.#.#
#.######
##....._..#
#......#
##...#.###
#)####.# ##+...#
#@####.# ..###
#gJ..#.# ...
#l##.#.# *, ..
##......# *
*#...#.### + ,
+........# * ,
####.......#
##......# ,
##.....#


You could see an iguana, a jelly and a gnoll.

Vanquished Creatures
  A howler monkey (D:5)
  An iguana (D:4)
  2 gnolls (D:4)
  3 adders (D:2)
  2 worms
  2 dart slugs
  7 orcs (D:4)
  5 ball pythons
  A bat (D:3)
  2 endoplasms
  A giant cockroach (D:2)
  8 goblins
  3 hobgoblins
  5 jackals
  4 kobolds
  2 frilled lizards
  A rat (D:3)
50 creatures vanquished.

Notes
Turn   | Place    | Note
-------+----------+-------------------------------------------
     0 | D:1      | tilp the Meteoran Fighter began the quest for the Orb.
     0 | D:1      | Reached XP level 1. HP: 19/19 MP: 2/2
   186 | D:1      | Reached XP level 2. HP: 25/26 MP: 3/3
   292 | D:1      | Reached skill level 1 in Dodging
   431 | D:2      | Reached XP level 3. HP: 31/31 MP: 4/4
   548 | D:2      | Reached XP level 4. HP: 33/38 MP: 5/5
  1074 | D:4      | Found a blossoming altar of Fedhas.
  1081 | D:4      | Reached skill level 1 in Stealth
  1195 | D:5      | Entered Level 5 of the Dungeon
  1210 | D:4      | Reached XP level 5. HP: 41/46 MP: 6/6
  1299 | D:4      | Found an ornate altar of the Wu Jian Council.
  1343 | D:4      | Reached XP level 6. HP: 42/52 MP: 7/7
  1367 | D:4      | Slain by a gnoll

Illustrated notes

Levels and vault maps discovered:
D:1:      heliophobic_arrival_ceremonial_halls, layout_basic, serial_shops,
          nicolae_shop_crystal, patterned_corridor
D:2:      layout_loops_ring, chequers_serial_rivers_small_3
D:3:      layout_loops_ring, chequers_serial_rivers_micro_b
D:4:      layout_loops_corners, lemuel_crystal_altar, fedhas_altar_2,
          minmay_temple_entry_grid, uniq_blork_the_orc
D:5:      layout_rooms, grunt_temple_overflow_open, nicolae_overflow_squiral,
          minmay_hedge_maze

Skill      XL: |  1  2  3  4  5 |
---------------+----------------+-----
Dodging        | 1 2 3 |  3.4
Long Blades    | 3 |  3.5
Shields        | 4 |  4.0
Armour         | 4 |  4.0
Stealth        | 1 |  1.3
Fighting       | |  3.9

Action                     |  1- 3 |  4- 6 || total
---------------------------+-------+-------++-------
  Melee: Long sword        |    46 |   117 ||   163
    Use: Potion            |       |     1 ||     1
 Armour: Scale mail        |    20 |    53 ||    73
  Dodge: Dodged            |    23 |    60 ||    83
  Block: Buckler           |    11 |    36 ||    47

Table legend: (Time is in decaauts)
 A = Elapsed time spent in this place.
 B = Non-inter-level travel time spent in this place.
 C = Inter-level travel time spent in this place.
 D = Time resting spent in this place.
 E = Time spent auto-exploring this place.
 F = Levels seen in this place.
 G = Mean time per level.
                   A        B        C        D        E       F      G
               +--------+--------+--------+--------+--------+-----+--------+
         Total |   1418 |   1233 |    185 |      0 |      0 |   5 |  283.6 |
       Dungeon |   1418 |   1233 |    185 |      0 |      0 |   5 |  283.6 |
               +--------+--------+--------+--------+--------+-----+--------+

Top non-repeatable levels by time:
     D:3: 523 daAuts
     D:1: 449 daAuts
     D:2: 221 daAuts
     D:4: 213 daAuts
     D:5: 11 daAuts
